AoeStats
← ziko

Black Forest

509163591Analyzed
4v4 RM · 5d ago on Sep 25, 2026· 116m 14s· 8 players
Game mode
Random Map
Map size
Large (8 player)
Population
200
Speed
Normal
Resources
Standard
Victory
Conquest
Starting age
Dark Age
Ending age
Imperial Age
RankedLock teamsTeams togetherTeam positionsShared explorationLock speedFull tech treeHidden civsTurbo modeCheats
Victory
Defeat
🇩🇰 Danes · Denmark
1112
+14
🇺🇸 Khmer · United States
1080
+15
🇩🇰 Huns · Denmark
1051
+29
🇺🇸 Lithuanians · United States
1045
+17
🇹🇼 Byzantines · Taiwan
1091
-17
🇨🇦 Romans · Canada
1066
-16
🇦🇿 Franks · Azerbaijan
1060
-15
🇦🇿 Italians · Azerbaijan
1053
-15
Frak
0:41 Loom
12:34 Feudal Age
12:35 Man-at-Arms
13:25 Double-Bit Axe
17:43 Scale Mail Armor
17:54 Forging
24:34 Castle Age
22:34 Horse Collar
22:45 Gold Mining
23:03 Fletching
23:18 Stone Mining
24:45 Wheelbarrow
23:55 Town Watch
25:06 Long Swordsman
25:47 Squires
25:08 Pikeman
26:05 Chain Mail Armor
26:31 Bow Saw
31:56 Hand Cart
36:18 Imperial Age
33:56 Ballistas
34:47 Heavy Plow
36:04 Gold Shaft Mining
36:51 Masonry
37:02 Ballistics
36:55 Fortified Wall
36:27 Capped Ram
38:14 Conscription
37:46 Siege Ram
39:22 Halberdier
42:02 Iron Casting
41:50 Caravan
47:42 Legionary
49:25 Blast Furnace
53:22 Comitatenses
54:03 Coinage
53:47 Guilds
56:37 Crop Rotation
57:57 Heavy Scorpion
66:55 Siege Engineers
67:52 Chemistry
ziko
0:34 Loom
12:02 Feudal Age
16:28 Castle Age
14:59 Double-Bit Axe
17:47 Bow Saw
27:09 Wheelbarrow
30:38 Imperial Age
29:19 Gold Mining
31:02 Wheelbarrow
30:37 Scale Barding Armor
32:42 Gold Shaft Mining
31:55 Town Watch
32:33 Chain Barding Armor
34:06 Cavalier
34:48 Husbandry
36:37 Plate Barding Armor
36:13 Forging
37:26 Paladin
40:44 Iron Casting
39:57 Pikeman
40:38 Squires
40:59 Halberdier
41:47 Caravan
42:19 Hand Cart
42:07 Town Patrol
44:42 Scale Mail Armor
45:43 Blast Furnace
45:53 Chain Mail Armor
45:31 Fletching
45:41 Padded Archer Armor
45:28 Light Cavalry
46:30 Conscription
46:14 Chivalry
46:24 Arson
52:32 Plate Mail Armor
51:58 Bodkin Arrow
52:19 Leather Archer Armor
81:24 Fortified Wall
81:10 Murder Holes
81:38 Ballistics
81:00 Treadmill Crane
81:27 Siege Engineers
81:10 Arrowslits
ZaZa
12:13 Feudal Age
17:36 Castle Age
15:23 Double-Bit Axe
15:20 Horse Collar
15:32 Gold Mining
18:08 Wheelbarrow
23:40 Imperial Age
23:06 Fletching
25:20 Chemistry
24:41 Ballistics
24:13 Fletching
27:41 Wheelbarrow
35:51 Hand Cart
35:44 Loom
36:07 Heavy Plow
36:23 Bow Saw
38:55 Stone Mining
42:25 Crop Rotation
42:58 Two-Man Saw
43:07 Conscription
44:43 Town Watch
44:20 Elite Genoese Crossbowman
45:30 Bodkin Arrow
45:35 Padded Archer Armor
45:37 Pikeman
46:17 Squires
46:35 Bracer
46:19 Treadmill Crane
47:18 Stone Shaft Mining
48:12 Silk Road
51:57 Caravan
54:33 Pirotechnia
58:04 Hoardings
58:41 Leather Archer Armor
58:43 Fortified Wall
58:30 Murder Holes
58:20 Arrowslits
58:46 Masonry
65:04 Guilds
65:25 Coinage
65:39 Ring Archer Armor
65:41 Architecture
68:36 Arson
69:15 Forging
69:05 Scale Mail Armor
69:48 Thumb Ring
70:57 Iron Casting
74:07 Town Patrol
98:46 Blast Furnace
98:01 Chain Mail Armor
97:52 Scale Barding Armor
PERCENT5175
3:04 Loom
10:14 Feudal Age
12:06 Double-Bit Axe
15:27 Horse Collar
20:39 Castle Age
19:46 Gold Mining
21:51 Bow Saw
22:00 Heavy Plow
21:55 Stone Mining
25:33 Stone Shaft Mining
25:59 Fervor
26:46 Caravan
28:25 Wheelbarrow
29:26 Gold Shaft Mining
28:54 Treadmill Crane
32:07 Imperial Age
30:39 Hand Cart
30:46 Sanctity
30:57 Forging
31:14 Redemption
31:57 Murder Holes
32:40 Iron Casting
32:59 Ballistics
32:45 Scale Mail Armor
33:25 Conscription
32:31 Pikeman
33:12 Squires
34:22 Chemistry
33:26 Gambesons
33:27 Arson
34:20 Logistica
34:35 Thumb Ring
34:57 Scale Barding Armor
34:59 Arrowslits
35:08 Fletching
36:21 Two-Man Saw
35:28 Husbandry
34:49 Light Cavalry
35:31 Elite Skirmisher
37:02 Chain Barding Armor
36:44 Halberdier
36:45 Man-at-Arms
37:48 Elite Cataphract
39:37 Plate Barding Armor
38:45 Heavy Camel Rider
40:34 Crossbowman
41:39 Padded Archer Armor
41:26 Arbalester
44:50 Bodkin Arrow
45:11 Leather Archer Armor
44:35 Hussar
47:01 Bracer
51:48 Ring Archer Armor
51:55 Capped Ram
53:19 Cavalier
55:46 Siege Ram
57:12 Paladin
62:35 Hoardings
65:23 Fortified Wall
66:28 Chain Mail Armor
67:31 Bombard Tower
68:21 Plate Mail Armor
75:46 Elite Varangian Guard
80:04 Guilds
88:08 Long Swordsman
89:13 Two-Handed Swordsman
I THS I
0:30 Loom
13:33 Feudal Age
13:59 Double-Bit Axe
17:39 Castle Age
16:15 Horse Collar
18:38 Heavy Plow
24:13 Wheelbarrow
26:59 Hand Cart
32:25 Imperial Age
30:19 Bow Saw
34:35 Imperial Age
37:44 Imperial Age
39:29 Heavy Scorpion
41:37 Fletching
41:48 Padded Archer Armor
43:24 Bodkin Arrow
45:18 Double Crossbow
47:36 Bracer
47:51 Leather Archer Armor
51:23 Ballistics
53:21 Gold Mining
56:44 Light Cavalry
60:18 Gold Shaft Mining
59:34 Stone Mining
59:40 Hussar
61:48 Bloodlines
61:40 Husbandry
68:40 Siege Engineers
72:45 Caravan
77:26 Conscription
76:38 Capped Ram
77:29 Siege Ram
89:29 Ring Archer Armor
89:04 Scale Barding Armor
89:10 Forging
89:00 Scale Mail Armor
89:06 Elite Battle Elephant
HowManyMustDie
0:28 Loom
10:42 Feudal Age
17:41 Castle Age
16:58 Horse Collar
17:06 Double-Bit Axe
18:53 Bow Saw
18:46 Heavy Plow
25:43 Wheelbarrow
27:24 Stone Mining
28:19 Hand Cart
29:01 Stone Shaft Mining
30:13 Gold Mining
31:49 Bloodlines
31:40 Husbandry
31:50 Scale Barding Armor
34:52 Imperial Age
32:58 Chain Barding Armor
32:30 Fletching
34:35 Murder Holes
34:59 Cavalier
35:01 Light Cavalry
36:35 Plate Barding Armor
36:32 Conscription
36:11 Winged Hussar
36:48 Elite Skirmisher
37:35 Thumb Ring
38:33 Elite Leitis
39:35 Conscription
39:31 Crossbowman
40:11 Bodkin Arrow
42:35 Two-Man Saw
41:45 Bracer
41:47 Padded Archer Armor
42:02 Tower Shields
45:00 Leather Archer Armor
46:35 Caravan
47:06 Coinage
46:46 Guilds
49:37 Paladin
57:06 Banking
58:22 Fortified Wall
80:48 Ring Archer Armor
80:26 Hill Forts
83:32 Scale Mail Armor
83:43 Forging
86:23 Chemistry
85:45 Ballistics
85:08 Treadmill Crane
86:32 Chemistry
85:53 Ballistics
86:56 Onager
90:21 Onager
90:54 Onager
Wondimu
7:43 Loom
11:39 Feudal Age
15:54 Castle Age
13:45 Double-Bit Axe
14:51 Man-at-Arms
26:21 Wheelbarrow
27:29 Horse Collar
29:05 Bow Saw
29:31 Hand Cart
34:47 Imperial Age
32:19 Gold Mining
32:31 Pikeman
32:57 Arson
33:29 Scale Mail Armor
33:40 Forging
33:42 Gambesons
33:41 Long Swordsman
34:22 Squires
34:44 Chain Mail Armor
34:50 Halberdier
35:55 Onager
37:44 Heavy Plow
38:08 Siege Onager
42:04 Chemistry
44:53 Elite Varangian Guard
46:15 Plate Mail Armor
46:20 Iron Casting
47:59 Conscription
50:33 Siege Engineers
60:43 Blast Furnace
66:56 Northmen's Fury
74:12 Caravan
105:35 Masonry
111:11 Hamask
jacobthyssen266
10:36 Feudal Age
14:20 Castle Age
13:29 Double-Bit Axe
19:31 Man-at-Arms
23:09 Bow Saw
23:48 Horse Collar
24:42 Stone Mining
24:43 Gold Mining
26:09 Wheelbarrow
25:20 Loom
26:50 Caravan
31:35 Imperial Age
29:59 Hand Cart
30:36 Scale Barding Armor
30:32 Padded Archer Armor
30:24 Fletching
30:45 Forging
31:50 Masonry
32:19 Chain Barding Armor
32:15 Leather Archer Armor
32:15 Thumb Ring
31:38 Light Cavalry
32:28 Bloodlines
32:19 Husbandry
31:57 Cavalier
34:15 Iron Casting
34:24 Conscription
34:37 Paladin
36:40 Heavy Plow
37:43 Two-Man Saw
37:41 Plate Barding Armor
38:07 Blast Furnace
37:04 Bodkin Arrow
38:16 Heavy Cavalry Archer
39:22 Parthian Tactics
39:31 Hussar
46:12 Chemistry
46:23 Elite Skirmisher
48:39 Bracer
50:47 Heavy Cavalry Archer
52:27 Parthian Tactics
92:02 Long Swordsman
92:43 Squires
92:28 Arson
92:48 Scale Mail Armor
94:38 Two-Handed Swordsman
95:43 Chain Mail Armor
Connection lost

Rejoining the realm…

Still unreachable

The connection could not be restored.

Session expired

The server has moved on; the page needs a fresh start.